cohdb
Replays
Latest Replays
All Replays
Popular Replays
Top Player Replays
Match Explorer
How It Works
Community
CoH3 Stats
Reddit
Sign in to upload your games and track your stats! →
Sign in with Steam
Match 38335527
Unlisted
Match 38335527
Overview
Messages
Build Orders
End
Kradschützen Motorcycle Team
250 Light Carrier
Selects Battlefield Espionage Battlegroup
Selects Sector Subterfuge Beacon
Panzergrenadier Squad
Panzergrenadier Squad
Construct Light Support Kompanie
Selects Transfer Depots
Fire Support Elements
Flakvierling Half-track
Pak 38 Mechanized Group
Vehicle Survival Package
Panzergrenadier Squad
2.5-tonne Medical Truck
Selects 250/3 Funkpanzerwagen
Panzergrenadier Squad
Construct Panzerarmee Kommand
Selects Anti-Tank Incendiary Munitions
Advanced Field Repairs
le.IG 18 Mechanized Group
Selects Firestorm
Emergency Repair Kits
Armored Reserves
Panzer IV Assault Group
Firestorm
Selects Operation Skorpion
Firestorm
Tiger Heavy Tank
Kitsuné
Reakly
Jesulin
sharpshooter
0
0
Comments
sign in to comment!
No comments posted yet!